 Dungeon Crawl Stone Soup version 0.30-a0-847-g17996783a1 (webtiles) character file.

Game seed: 146978323066610948

1081 holysushi the Slicer (level 8, 43/59 HPs)
             Began as a Demonspawn Monk on Mar 3, 2023.
             Quit the game on level 5 of the Dungeon.
             The game lasted 00:03:12 (3821 turns).

holysushi the Slicer (Demonspawn Monk)              Turns: 3821, Time: 00:03:12

Health: 43/59      AC:  4    Str: 12    XL:     8   Next: 8%
Magic:  8/8        EV: 12    Int: 11    God:
Gold:   76         SH: 10    Dex: 18    Spells: 7/7 levels left

rFire   . . .      SeeInvis .    v - +0 short sword (elec)
rCold   . . .      Faith    .    h - +1 buckler
rNeg    . . .      Spirit   .    b - +0 robe
rPois   .          Reflect  +    y - +0 helmet
rElec   .          Rampage  .    (no cloak)
rCorr   .                        (no gloves)
Will    +....                    (no boots)
Stlth   ++                       r - amulet of reflection
HPRegen 0.29/turn                i - ring of willpower
MPRegen 0.11/turn                (no ring)

@: no status effects
A: hooves 2, rugged brown scales 1, spiny 1
a: no special abilities


You were on level 5 of the Dungeon.
You visited 1 branch of the dungeon, and saw 5 of its levels.

You collected 164 gold pieces.
You spent 88 gold pieces at shops.

Inventory:

Hand Weapons
 a - a +0 short sword
 o - a +0 rapier
 p - a +1 short sword of protection
 v - a +0 short sword of electrocution (weapon)
Armour
 b - a +0 robe (worn)
 h - a +1 buckler (worn)
 y - a +0 helmet (worn)
Jewellery
 i - a ring of willpower (left hand)
 r - an amulet of reflection (around neck)
Wands
 q - a wand of mindburst (16)
Scrolls
 e - a scroll of noise {unknown}
 f - 2 scrolls of magic mapping
 j - a scroll of teleportation
 t - 2 scrolls of identify
 u - a scroll of immolation
 B - a scroll of fear {unknown}
Potions
 c - 2 potions of ambrosia
 d - 3 potions of curing
 g - 2 potions of lignification {unknown}
 k - a potion of berserk rage {unknown}
 l - 4 potions of invisibility {unknown}
 m - 3 potions of heal wounds {unknown}
 n - a potion of degeneration {unknown}
 s - a potion of haste {unknown}
 w - a potion of brilliance {unknown}
 x - 2 potions of magic
 z - a potion of might {unknown}
 A - a potion of flight {unknown}


   Skills:
 - Level 3.0 Fighting
 + Level 9.1 Short Blades
 - Level 2.6 Dodging
 - Level 1.7 Stealth
 - Level 0.4 Shields


You had 7 spell levels left.
You didn't know any spells.
Your spell library contained the following spells:

 Spells                   Type           Power      Damage    Failure   Level
 Blink                    Tloc           0%         N/A       58%         2
 Lesser Beckoning         Tloc           0%         N/A       58%         2
 Momentum Strike          Conj/Tloc      0%         3d8       58%         2
 Dazzling Flash           Conj/Hex       0%         N/A       82%         3
 Frozen Ramparts          Ice            0%         1d1       82%         3
 Ice Form                 Ice/Tmut       0%         N/A       99%         4
 Summon Ice Beast         Ice/Summ       0%         N/A       99%         4
 Agony                    Necr           0%         N/A       100%        5
 Silence                  Hex/Air        0%         N/A       100%        5


Dungeon Overview and Level Annotations

Branches:
Dungeon (5/15) Zot: 26204
 Temple: D:4-7

Altars:
Ashenzari
Dithmenos
Fedhas
Gozag
Hepliaklqana
Makhleb
Nemelex Xobeh
Trog
Uskayaw

Shops:
D:4 **


Innate Abilities, Weirdness & Mutations

You have hoof-like feet.
You are partially covered in rugged brown scales. (AC +1, +3% HP)
You are partially covered in sharp spines.


Message History

You hit the white imp.
Lightning courses through the white imp!
You kill the white imp!
No target in view!
No target in view!
Found a scroll labelled YSEECSA YTAW.
Found a shadowy altar of Dithmenos and a bloodstained altar of Trog.
No target in view!
Found a sparkling altar of Nemelex Xobeh.
A - a ruby potion No target in view!
B - a scroll labelled YSEECSA YTAW No target in view!
No target in view!
No target in view!
Found a scroll of identify.
Found a hide-covered altar of Uskayaw and a hazy altar of Hepliaklqana.
A water moccasin comes into view.
Found an opulent altar of Gozag.
The water moccasin hisses angrily.
You completely miss the water moccasin. You block the water moccasin's attack.
You closely miss the water moccasin. Your kick misses the water moccasin.
The water moccasin bites you.
You are poisoned.
The water moccasin poisons you!
You hit the water moccasin.
Lightning courses through the water moccasin!!
The water moccasin is almost dead.
You feel sick. The water moccasin bites you.
You hit the water moccasin.
Lightning courses through the water moccasin!
You kill the water moccasin!
You feel sick.
Your Short Blades skill increases to level 9!
You have reached level 8!
You feel stronger.
Your demonic ancestry asserts itself...
Sharp spines emerge from parts of your body.
You start resting.
You feel sick. x7
You are no longer poisoned.
Are you sure you want to abandon this character and quit the game? (Confirm with "yes".)

##..#.. ########
####...... #......##
#..#......
##....#..###...##..#.
#..._..............##
##._..._.......##...#.
##.................####
#.?...⌠.._..........#..
#.....@†...............
#.#._..._.....#......#.
#....._......##........
##..........####..##...
###........# #...#..#
#.........####......#
##....##.##....##..#.
####........#.# ###.
#...##.......# .


There were no monsters in sight!

Vanquished Creatures
  Pikel (D:5)
  A water moccasin (D:5)
  A black bear (D:4)
  An orc warrior (D:4)
  An ogre (D:4)
  4 lemures (D:4)
  A scorpion (D:4)
  A hound (D:4)
  An iguana (D:4)
  A gnoll (D:1)
  6 adders
  A white imp (D:5)
  2 dart slugs
  3 orcs
  5 endoplasms
  6 goblins
  6 hobgoblins
  3 jackals (D:3)
  2 kobolds
  3 quokkas
  8 ball pythons
  3 bats
  4 frilled lizards
  4 rats
69 creatures vanquished.

Notes
Turn   | Place    | Note
-------+----------+-------------------------------------------
     0 | D:1      | holysushi the Demonspawn Monk began the quest for the Orb.
     0 | D:1      | Reached XP level 1. HP: 18/18 MP: 1/1
    46 | D:1      | Reached skill level 3 in Short Blades
    79 | D:1      | Gained mutation: You have large cloven feet. [demonic
                  | ancestry]
    79 | D:1      | Reached XP level 2. HP: 24/24 MP: 2/2
   605 | D:1      | Reached XP level 3. HP: 29/29 MP: 3/3
  1199 | D:2      | Reached skill level 4 in Short Blades
  1950 | D:3      | Gained mutation: You have hoof-like feet. [demonic
                  | ancestry]
  1950 | D:3      | Reached XP level 4. HP: 35/35 MP: 4/4
  2377 | D:4      | Noticed an orc warrior
  2386 | D:4      | Killed an orc warrior
  2387 | D:4      | Reached skill level 5 in Short Blades
  2387 | D:4      | Reached XP level 5. HP: 22/41 MP: 5/5
  2541 | D:4      | Found a burning altar of Makhleb.
  2567 | D:4      | Noticed an ogre
  2574 | D:4      | Killed an ogre
  2575 | D:4      | Reached skill level 6 in Short Blades
  2575 | D:4      | Gained mutation: You are partially covered in rugged brown
                  | scales. (AC +1, +3% HP) [demonic ancestry]
  2575 | D:4      | Reached XP level 6. HP: 19/48 MP: 6/6
  2793 | D:4      | Found a broken altar of Ashenzari.
  2969 | D:4      | Reached skill level 7 in Short Blades
  3221 | D:4      | Found Gifeggima's General Store.
  3224 | D:4      | Found Loplabei's Specific Store.
  3229 | D:4      | Bought a potion of magic for 88 gold pieces
  3522 | D:5      | Entered Level 5 of the Dungeon
  3559 | D:5      | Noticed Pikel
  3749 | D:5      | Killed Pikel
  3750 | D:5      | Reached skill level 8 in Short Blades
  3750 | D:5      | Reached XP level 7. HP: 45/53 MP: 7/7
  3797 | D:5      | Found a blossoming altar of Fedhas.
  3799 | D:5      | Found a shadowy altar of Dithmenos.
  3799 | D:5      | Found a bloodstained altar of Trog.
  3801 | D:5      | Found a sparkling altar of Nemelex Xobeh.
  3805 | D:5      | Found a hide-covered altar of Uskayaw.
  3805 | D:5      | Found a hazy altar of Hepliaklqana.
  3806 | D:5      | Found an opulent altar of Gozag.
  3813 | D:5      | Reached skill level 9 in Short Blades
  3813 | D:5      | Gained mutation: You are partially covered in sharp spines.
                  | [demonic ancestry]
  3813 | D:5      | Reached XP level 8. HP: 48/59 MP: 8/8
  3821 | D:5      | Quit the game

Illustrated notes

Levels and vault maps discovered:
D:1:      minmay_arrival_jagged, layout_loops_cross
D:2:      layout_loops_ring, nrook_mini_vaults
D:3:      layout_loops_ring
D:4:      layout_loops_ring, lemuel_tele_altar, nicolae_overflow_hidden_temple,
          mainiacjoe_overflow_chevrons, serial_rivers,
          chequers_serial_rivers_micro_b, chequers_serial_rivers_micro_d,
          chequers_serial_rivers_room_b, chequers_serial_rivers_large_a,
          chequers_serial_rivers_micro_c, chequers_serial_rivers_small_a,
          chequers_jeans, nicolae_specific_store, minmay_between
D:5:      layout_cave_pools, overflow_temple_1_default,
          grunt_temple_overflow_open, uniq_sigmund, uniq_pikel

Skill      XL: |  1  2  3  4  5  6  7 |
---------------+----------------------+-----
Short Blades   | 3 4 5 6 8 9 |  9.1
Fighting       | |  3.0
Dodging        | |  2.6
Stealth        | |  1.7
Shields        | |  0.4

Action                     |  1- 3 |  4- 6 |  7- 9 || total
---------------------------+-------+-------+-------++-------
  Melee: Short sword       |   125 |   111 |     5 ||   241
         Kick              |    28 |    28 |       ||    56
  Evoke: Wand              |       |     2 |       ||     2
    Use: Scroll            |     5 |       |       ||     5
   Stab: Sleeping          |     7 |     8 |       ||    15
 Armour: Robe              |    14 |    13 |       ||    27
  Dodge: Dodged            |    68 |    28 |       ||    96
  Block: Buckler           |    13 |    34 |     2 ||    49

Table legend: (Time is in decaauts)
 A = Elapsed time spent in this place.
 B = Non-inter-level travel time spent in this place.
 C = Inter-level travel time spent in this place.
 D = Time resting spent in this place.
 E = Time spent auto-exploring this place.
 F = Levels seen in this place.
 G = Mean time per level.
                   A        B        C        D        E       F      G
               +--------+--------+--------+--------+--------+-----+--------+
         Total |   3795 |   3625 |    170 |    464 |   2525 |   5 |  759.0 |
       Dungeon |   3795 |   3625 |    170 |    464 |   2525 |   5 |  759.0 |
               +--------+--------+--------+--------+--------+-----+--------+

Top non-repeatable levels by time:
     D:4: 1232 daAuts
     D:2: 844 daAuts
     D:1: 752 daAuts
     D:3: 743 daAuts
     D:5: 222 daAuts
